 Dungeon Crawl Stone Soup version 0.30-a0-358-g0d69a1922f (webtiles) character file.

Game seed: 8079221001079465730

4748 Bnni the Spear-Bearer (level 10, -4/94 HPs)
             Began as a Minotaur Fighter on Nov 10, 2022.
             Was an Initiate of Yredelemnul.
             Slain by a red ugly thing (9 damage)
             ... on level 8 of the Dungeon.
             The game lasted 00:13:30 (6842 turns).

Bnni the Spear-Bearer (Minotaur Fighter)            Turns: 6842, Time: 00:13:31

Health: -4/94      AC:  3    Str: 24    XL:     10   Next: 23%
Magic:  12/12      EV:  7    Int:  5    God:    Yredelemnul [......]
Gold:   408        SH:  5    Dex: 11    Spells: 9/9 levels left

rFire   + . .      SeeInvis +    H - +4 spear
rCold   . . .      Faith    .    c - +0 buckler
rNeg    . . .      Spirit   .    r - +0 chain mail {rF+}
rPois   .          Reflect  .    (helmet restricted)
rElec   .          Harm     .    (no cloak)
rCorr   .          Rampage  .    B - +0 pair of gloves
Will    .....                    b - +0 pair of boots
Stlth   ..........               (no amulet)
HPRegen 0.35/turn                z - ring of flight
MPRegen 0.13/turn                w - ring of see invisible

@: mighty, corroded, on berserk cooldown, flying, hasted and slowed
A: horns 2, retaliatory headbutt
a: Renounce Religion, Recall Undead Harvest


You were on level 8 of the Dungeon.
You worshipped Yredelemnul.
Yredelemnul was noncommittal.
You visited 2 branches of the dungeon, and saw 9 of its levels.

You collected 438 gold pieces.
You spent 30 gold pieces at shops.

Inventory:

Hand Weapons
 a - a +0 trident
 t - a +2 dagger of venom
 v - a +0 sling
 H - a +4 spear (weapon)
Missiles
 m - 16 poisoned darts (quivered)
 s - 6 javelins
 y - 2 boomerangs
Armour
 b - a +0 pair of boots (worn)
 c - a +0 buckler (worn)
 r - a +0 chain mail of fire resistance (worn)
 B - a +0 pair of gloves (worn)
Jewellery
 e - a ring of fire
 w - a ring of see invisible (right hand)
 z - a ring of flight (left hand)
Wands
 d - a wand of flame (44)
 x - a wand of quicksilver (6)
 D - a wand of roots (9)
Scrolls
 g - a scroll of fog {unknown}
 h - 2 scrolls of teleportation
 j - 2 scrolls of blinking {unknown}
 k - 3 scrolls of vulnerability {unknown}
 l - 3 scrolls of fear {unknown}
 o - 2 scrolls of amnesia {unknown}
 q - 2 scrolls of silence {unknown}
 E - a scroll of magic mapping
 F - 4 scrolls of enchant armour {unknown}
Potions
 f - 4 potions of heal wounds
 i - 4 potions of attraction
 p - 2 potions of resistance
 u - a potion of haste
 A - 2 potions of curing
 C - 2 potions of ambrosia


   Skills:
 + Level 10.4 Fighting
 * Level 13.8 Polearms
 - Level 3.6 Armour
 - Level 5.0 Shields
 + Level 4.1 Invocations


You had 9 spell levels left.
You didn't know any spells.
Your spell library was empty.

Dungeon Overview and Level Annotations

Branches:
Dungeon (8/15)             Temple (1/1) D:4
   Lair: D:8-11

Altars:
Ashenzari
Cheibriados
Hepliaklqana
Makhleb
Nemelex Xobeh
Qazlal
Ru
Trog
Wu Jian
Yredelemnul
Zin

Shops:
D:1 ?   D:6 *   D:7 (


Innate Abilities, Weirdness & Mutations

You have a pair of horns on your head.
You reflexively headbutt those who attack you in melee.


Message History

The boulder beetle is severely wounded.
A red ugly thing comes into view.
The boulder beetle bites you!
You hit the boulder beetle but do no damage.
You headbutt the boulder beetle.
The boulder beetle is almost dead.
The boulder beetle leaps!
You hit the acid dragon but do no damage.
The acid dragon is lightly wounded.
You block the acid dragon's attack. The acid dragon barely misses you.
You hit the acid dragon but do no damage.
Your headbutt misses the acid dragon.
The acid dragon is lightly wounded.
You hit the acid dragon.
The acid dragon is moderately wounded.
The acid dragon spits acid at you. The splash of acid hits you!
* * * LOW HITPOINT WARNING * * *
The acid corrodes you!
You feel better. The acid dragon barely misses you.
You block the acid dragon's attack. The acid dragon closely misses you.
The acid dragon claws you.
You feel very mighty all of a sudden.
You puncture the red ugly thing!
The red ugly thing is lightly wounded.
You hit the red ugly thing. You headbutt the red ugly thing!
The red ugly thing is moderately wounded.
You block the red ugly thing's attack.
The boulder beetle leaps!
You barely miss the red ugly thing.
The red ugly thing is moderately wounded.
The red ugly thing claws you.
* * * LOW HITPOINT WARNING * * *
You are engulfed in flames!
You resist.
* * * LOW HITPOINT WARNING * * *
Unknown command.
You feel yourself speed up. The red ugly thing claws you!
* * * LOW HITPOINT WARNING * * *
You are engulfed in flames!
You resist.
You die...
Your body rises from the dead as a mindless zombie.

#.#..#####.###.###.....#
#.#..#####.# #.# #######
#..........# #.# #
###.##.##### #+# #
#.##.# #.####.##.# >.
#.......#.####.... ###
######............ ...
#.....@##..... #..
##....#u# #.. #..
##...##DY.# #.# ###..
oy.(... #... ...#..#....
..# ...##.. ### #..
..... ..# .. ..#..#..#
..#


You could see a red ugly thing, a yak, an acid dragon, a vampire mosquito and an
orc.

Vanquished Creatures
  A two-headed ogre (D:5)
  A troll (D:8)
  2 hornets (D:7)
  A spriggan (shapeshifter) (D:8)
  Sigmund (D:2)
  A wyvern (D:8)
  A wraith (D:8)
  A yak (D:8)
  3 sky beasts
  An orc warrior (D:8)
  An ice beast (D:7)
  A centaur (D:6)
  An ogre (D:4)
  A kobold brigand (D:6)
  4 bullfrogs
  3 scorpions
  2 necrophages
  5 wights (D:8)
  A howler monkey (D:6)
  A crimson imp (D:5)
  2 quasits (D:4)
  An orc priest (D:5)
  4 hounds
  2 gnoll boudas
  2 iguanas
  Ijyb (D:4)
  Terence (D:2)
  Natasha (thrice) (D:4)
  An orc wizard (D:3)
  9 gnolls
  8 adders
  2 shadow imps (D:4)
  6 white imps
  4 ufetubi
  4 worms
  2 dart slugs
  14 orcs
  11 bats
  10 endoplasms
  A giant cockroach (D:1)
  6 hobgoblins
  4 jackals (D:1)
  5 quokkas
  8 ball pythons
  3 frilled lizards
  4 goblins
  14 kobolds
  3 rats
168 creatures vanquished.

Vanquished Creatures (collateral kills)
  An ogre (D:7)
  A centaur (D:5)
  A bullfrog (D:7)
  Blork the orc (D:4)
  An orc priest (D:5)
  2 iguanas (D:6)
  An adder (D:6)
  2 orcs
  2 kobolds (D:6)
12 creatures vanquished.

Vanquished Creatures (others)
  A yak zombie (D:8)
  2 centaur zombies
  3 bullfrog zombies
  A sky beast zombie (D:7)
  An ice beast zombie (D:7)
  2 hound zombies
  An adder zombie (D:5)
  3 orc zombies (D:5)
  2 spectral white imps
  2 gnoll zombies (D:5)
  2 spectral ufetubi (D:5)
  6 demonic plants (D:4)
26 creatures vanquished.

Grand Total: 206 creatures vanquished

Notes
Turn   | Place    | Note
-------+----------+-------------------------------------------
     0 | D:1      | Bnni the Minotaur Fighter began the quest for the Orb.
     0 | D:1      | Reached XP level 1. HP: 19/19 MP: 0/0
    51 | D:1      | Reached skill level 3 in Polearms
    51 | D:1      | Reached XP level 2. HP: 10/27 MP: 1/1
   215 | D:1      | Found Totif's Magic Scroll Emporium.
   220 | D:1      | Bought a scroll of teleportation for 30 gold pieces
   432 | D:1      | Reached XP level 3. HP: 33/33 MP: 2/2
   794 | D:2      | Reached skill level 4 in Polearms
  1004 | D:2      | Noticed Terence
  1016 | D:2      | Killed Terence
  1017 | D:2      | Reached XP level 4. HP: 30/41 MP: 3/3
  1197 | D:2      | Noticed Sigmund
  1211 | D:2      | Killed Sigmund
  1212 | D:2      | Reached skill level 5 in Fighting
  1212 | D:2      | Reached skill level 5 in Polearms
  1212 | D:2      | Reached skill level 5 in Shields
  1212 | D:2      | Reached XP level 5. HP: 20/48 MP: 4/4
  1707 | D:3      | Reached XP level 6. HP: 56/56 MP: 5/5
  1940 | D:3      | Reached skill level 6 in Polearms
  2691 | D:4      | Noticed Ijyb
  2706 | D:4      | Reached skill level 7 in Polearms
  2840 | D:4      | Noticed Natasha
  2846 | D:4      | Killed Natasha
  2847 | D:4      | Reached XP level 7. HP: 62/62 MP: 6/6
  3194 | D:4      | Noticed Natasha
  3201 | D:4      | Killed Natasha
  3246 | D:4      | Reached skill level 8 in Polearms
  3394 | D:4      | Found a staircase to the Ecumenical Temple.
  3396 | D:4      | Noticed Natasha
  3402 | D:4      | Killed Natasha
  3434 | D:4      | Killed Ijyb
  3439 | Temple   | Entered the Ecumenical Temple
  3495 | Temple   | Became a worshipper of Yredelemnul the Dark
  3881 | D:4      | Noticed Blork the orc
  3889 | D:4      | Killed Blork the orc
  4012 | D:4      | Reached * piety under Yredelemnul
  4097 | D:5      | Entered Level 5 of the Dungeon
  4155 | D:5      | Reached skill level 9 in Polearms
  4155 | D:5      | Reached XP level 8. HP: 45/73 MP: 7/7
  4613 | D:5      | Identified the +1 ring mail of Classification {*Corrode
                  | rElec Str+7 Int+4}
  4781 | D:5      | Noticed a two-headed ogre
  4803 | D:5      | Killed a two-headed ogre
  4804 | D:5      | Reached skill level 11 in Polearms
  5009 | D:5      | Reached ** piety under Yredelemnul
  5311 | D:6      | Reached XP level 9. HP: 82/82 MP: 8/8
  5383 | D:6      | Found a burning altar of Makhleb.
  5695 | D:6      | Reached *** piety under Yredelemnul
  5703 | D:6      | Reached skill level 12 in Polearms
  5767 | D:6      | Found Zeusel's General Store.
  5847 | D:7      | Reached skill level 1 in Invocations
  6092 | D:7      | Found Kuetes's Weapon Emporium.
  6124 | D:7      | Reached skill level 13 in Polearms
  6596 | D:8      | Reached skill level 10 in Fighting
  6757 | D:8      | Noticed a troll
  6758 | D:8      | Noticed a boulder beetle
  6780 | D:8      | Reached XP level 10. HP: 69/93 MP: 11/11
  6832 | D:8      | Noticed a red ugly thing
  6842 | D:8      | Slain by a red ugly thing

Illustrated notes

Levels and vault maps discovered:
D:1:      dpeg_arrival_solitude, layout_loops_ring, serial_shops,
          nicolae_shop_hallway_stairs, minmay_misc_feat_rows, minmay_tall_x
D:2:      layout_loops_ring, minmay_crystal_water, uniq_sigmund, uniq_terence
D:3:      layout_rooms
D:4:      layout_basic, temple_fountains, serial_demonic, serial_demonic_c,
          serial_demonic_d, serial_demonic_e, serial_demonic_e,
          serial_demonic_g, serial_demonic_f, serial_demonic_d, uniq_ijyb,
          uniq_natasha, uniq_blork_the_orc
D:5:      layout_basic, minmay_fire_ice_demons
D:6:      layout_basic, nicolae_overflow_crystal_walls, serial_shops, shop,
          hex_medium, st_stairs_12
D:7:      layout_rooms, serial_shops, nicolae_shop_bloodbath_and_beyond
D:8:      layout_loops_corners, minmay_crystal_room, minmay_pinched_square
Temple:   regret_index_temple_chain_breaker

Skill      XL: |  1  2  3  4  5  6  7  8  9 10 |
---------------+-------------------------------+-----
Polearms       | 3 4 5 7 9 11 13 | 13.8
Fighting       | 4 5 7 8 10 | 10.4
Shields        | 4 5 |  5.0
Invocations    | 3 4 |  4.1
Armour         | |  3.6

Action                   |  1- 3 |  4- 6 |  7- 9 | 10-12 || total
-------------------------+-------+-------+-------+-------++-------
Melee: Trident           |   114 |    94 |   316 |       ||   524
       Headbutt          |     9 |    26 |    42 |    12 ||    89
       Dagger            |       |    40 |    10 |       ||    50
       Spear             |       |       |    22 |    56 ||    78
Throw: Dart              |       |       |     2 |     1 ||     3
Invok: Dark Bargain      |       |       |     1 |       ||     1
  Use: Potion            |       |     4 |       |     4 ||     8
       Scroll            |       |       |     7 |       ||     7
 Stab: Distracted        |       |       |     1 |       ||     1
Armor: Scale mail        |    43 |     8 |       |       ||    51
       Chain mail        |       |    84 |   101 |     6 ||   191
Dodge: Dodged            |    34 |    46 |    75 |     8 ||   163
Block: Buckler           |    24 |    36 |    48 |     5 ||   113

Table legend: (Time is in decaauts)
 A = Elapsed time spent in this place.
 B = Non-inter-level travel time spent in this place.
 C = Inter-level travel time spent in this place.
 D = Time resting spent in this place.
 E = Time spent auto-exploring this place.
 F = Levels seen in this place.
 G = Mean time per level.
                   A        B        C        D        E       F      G
               +--------+--------+--------+--------+--------+-----+--------+
         Total |   6765 |   6569 |    196 |    625 |   4673 |   9 |  751.7 |
       Dungeon |   6688 |   6511 |    177 |    625 |   4631 |   8 |  836.0 |
        Temple |     76 |     57 |     19 |      0 |     42 |   1 |   76.0 |
               +--------+--------+--------+--------+--------+-----+--------+

Top non-repeatable levels by time:
     D:4: 1536 daAuts
     D:2: 1263 daAuts
     D:5: 1099 daAuts
     D:1: 715 daAuts
     D:7: 668 daAuts
     D:6: 597 daAuts
     D:3: 523 daAuts
     D:8: 283 daAuts
  Temple: 76 daAuts
